 Dungeon Crawl Stone Soup version 0.31-a0-1074-g0b22e4e0f1 (webtiles) character file.

Game seed: 15625458969490862347

28282 wingedge the Reanimator (level 12, 0/101 HPs)
             Began as a Demigod Earth Elementalist on Nov 27, 2023.
             Slain by a skyshark (5 damage)
             ... on level 3 of the Lair of Beasts on Nov 28, 2023.
             The game lasted 01:29:02 (18278 turns).

wingedge the Reanimator (DgEE)                     Turns: 18278, Time: 01:29:03

Health: 0/101      AC: 11    Str:  9    XL:     12   Next: 74%
Magic:  0/28       EV: 14    Int: 39    God:
Gold:   271        SH:  4    Dex: 14    Spells: 2/27 levels left

rFire   . . .        e - staff of Kifofaog {*Slow rC+ Int+3 Earth}
rCold   + . .        S - +0 buckler
rNeg    . . .        v - +2 robe {Will+}
rPois   +            (no helmet)
rElec   .            Y - +2 cloak
rCorr   .            (no gloves)
SInv    .            K - +2 pair of boots
Will    +++..        c - amulet "Xiczu" {Spirit Int+3 Slay+2}
Stlth   ++           w - ring of willpower
HPRegen 0.36/turn    p - ring of poison resistance
MPRegen 0.21/turn

%: slow self (1%), guardian spirit
@: very slightly contaminated
A: high MP 1, forlorn, divine attributes
a: no special abilities


You were on level 3 of the Lair of Beasts.
You visited 2 branches of the dungeon, and saw 13 of its levels.

You collected 642 gold pieces.
You spent 371 gold pieces at shops.

Inventory:

Hand Weapons
 a - a +4 morningstar
 h - a +2 flail of holy wrath
 F - a +2 trident of draining
 N - a +1 war axe of venom
 R - a +0 whip of electrocution
Missiles
 M - a curare-tipped dart
Armour
 v - a +2 robe of willpower (worn)
 K - a +2 pair of boots (worn)
 Q - a scarf of repulsion
 S - a +0 buckler (worn)
 W - a +1 robe of cold resistance
 Y - a +2 cloak (worn)
Magical Staves
 b - a staff of cold
 e - the staff of Kifofaog (weapon) {*Slow rC+ Int+3 Earth}
   (You acquired it on level 3 of the Dungeon)

   [staff of earth]

   Base accuracy: +5 Base damage: 5 Base attack delay: 1.2 This weapon's minimum
   attack delay (0.6) is reached at skill level 12.
   Int+3:     It affects your intelligence (+3).
   rC+:       It protects you from cold.
   *Slow:     It may slow you when you take damage.
   Earth:     It increases the power of your Earth spells.
   It falls into the 'Staves' category.
   It is a one-handed weapon.
 o - a staff of conjuration
 r - a staff of air
 y - a staff of death
Jewellery
 c - the amulet "Xiczu" (around neck) {Spirit Int+3 Slay+2}
   (You acquired it on level 4 of the Dungeon)

   [amulet of guardian spirit]

   Spirit:    It causes incoming damage to be divided between your reserves of
   health and magic.
   Int+3:     It affects your intelligence (+3).
   Slay+2:    It affects your accuracy & damage with ranged weapons and melee
   (+2).
 f - a ring of flight
 p - a ring of poison resistance (right hand)
 s - an amulet of reflection
 w - a ring of willpower (left hand)
 A - the ring "Kozuast" {Fire rElec}
   (You found it on level 5 of the Dungeon)

   [ring of fire]

   Fire:      It enhances your fire magic.
   rF+:       It protects you from fire.
   rC-:       It makes you vulnerable to cold.
   rElec:     It insulates you from electricity.
 H - an amulet of the acrobat
 V - a ring of ice
Wands
 d - a wand of mindburst (6)
 q - a wand of polymorph (15)
 O - a wand of roots (9)
 P - a wand of quicksilver (20)
Scrolls
 g - 2 scrolls of enchant armour
 i - 2 scrolls of amnesia {unknown}
 l - 2 scrolls of teleportation
 m - 3 scrolls of torment
 n - 2 scrolls of silence {unknown}
 u - a scroll of enchant weapon {unknown}
 x - 3 scrolls of fear {unknown}
 G - 2 scrolls of fog {unknown}
 I - 2 scrolls of immolation {unknown}
 T - 4 scrolls of noise
 U - a scroll of vulnerability {unknown}
 Z - a scroll of poison {unknown}
Potions
 j - 5 potions of curing
 k - 4 potions of might
 t - 2 potions of haste {unknown}
 z - 3 potions of magic
 B - 2 potions of degeneration {unknown}
 C - a potion of mutation {unknown}
 D - 2 potions of brilliance {unknown}
 E - 2 potions of resistance {unknown}
 J - a potion of attraction {unknown}
 L - a potion of lignification {unknown}
 X - a potion of ambrosia {unknown}


   Skills:
 + Level 8.1 Fighting
 + Level 5.9 Armour
 + Level 5.9 Dodging
 - Level 3.0 Stealth
 + Level 2.5 Shields
 - Level 8.0 Spellcasting
 - Level 6.0 Conjurations
 + Level 8.6 Necromancy
 - Level 0.8 Transmutations
 + Level 6.5 Ice Magic
 - Level 8.0 Earth Magic


You had 2 spell levels left.
You knew the following spells:

 Your Spells              Type           Power      Damage    Failure   Level
a - Sandblast             Erth           100%       2d20      1%          1
b - Stone Arrow           Conj/Erth      100%       3d13      1%          3
c - Hailstorm             Conj/Ice       59%        3d13      1%          3
d - Ozocubu's Armour      Ice            61%        N/A       1%          3
e - Brom's Barrelling Bo  Conj/Erth      81%        2d9       1%          4
g - Borgnjor's Vile Clut  Necr/Erth      44%        N/A       3%          5
l - Simulacrum            Ice/Necr       33%        N/A       24%         6

Your spell library contained the following spells:

 Spells                   Type           Power      Damage    Failure   Level
 Freeze                   Ice            100%       1d10      1%          1
 Cigotuvi's Dreadful Rot  Necr/Pois/Air  76%        N/A       1%          2
 Passwall                 Tmut/Erth      55%        N/A       1%          2
 Frozen Ramparts          Ice            100%       1d16      1%          3
 Petrify                  Tmut/Erth      66%        N/A       5%          4
 Leda's Liquefaction      Hex/Erth       31%        N/A       7%          4
 Call Canine Familiar     Summ           15%        N/A       11%         3
 Sigil of Binding         Hex            15%        N/A       11%         3
 Dimensional Bullseye     Hex/Tloc       7%         N/A       34%         4
 Vhi's Electric Charge    Tloc/Air       30%        N/A       34%         4
 Silence                  Hex/Air        7%         N/A       67%         5
 Summon Forest            Summ/Tloc      7%         N/A       67%         5
 Ozocubu's Refrigeration  Ice            30%        4d14      90%         7
 Summon Hydra             Summ           7%         N/A       100%        7
 Ignition                 Fire           7%         3d5       100%        8
 Polar Vortex             Ice            30%        12d4*     100%        9


Dungeon Overview and Level Annotations

Branches:
Dungeon (10/15)            Temple (0/1) D:4            Lair (3/5) D:9
  Snake (0/4) Lair:3          Orc (0/2) D:10
  Swamp: Lair:2-3    Shoals: Lair:2-3

Shops:
D:3 ?   D:7 [

Annotations:
D:6 clutch -> fridge -> simul -> polar vortex
D:8 4 transporters
D:10 1 transporter, timneilson's ghost, journeyman OpSh


Innate Abilities, Weirdness & Mutations

You have an increased reservoir of magic. (+10% MP)
You shall have no god before yourself.
Your divine heritage dramatically boosts your attributes as you level up.


Message History

The zombie hands constrict the skyshark.
The skyshark struggles to escape constriction. x2
Casting: Borgnjor's Vile Clutch (dangerous; 3% risk of failure)
Confirm with . or Enter, or press ? or * to list all spells.
Aiming: Stone Arrow (safe; 1% risk of failure)
Press: ? - help, Shift-Dir - straight line, f/p - skyshark
Aim: a skyshark (heavily wounded, berserk, constricted by zombie hands, 100% to hit)
You feel a surge of power!
The stone arrow hits the skyshark!
The skyshark is heavily wounded.
The zombie hands constrict the skyshark!
The skyshark escapes!
The skyshark bites you.
* * * LOW HITPOINT WARNING * * *
The skyshark closely misses you. The skyshark barely misses you.
Okay, then.
Okay, then.
Okay, then.
As you read the scroll labelled CEQU LYADAY, it crumbles to dust.
Your body is wracked with pain!
* * * LOW HITPOINT WARNING * * *
The skyshark convulses!
It was a scroll of torment.
You block the skyshark's attack. The skyshark barely misses you.
You block the skyshark's attack.
Aiming: Quicksilver Bolt
Press: ? - help, Shift-Dir - straight line, f/p - skyshark
Aim: a skyshark (severely wounded, berserk, 79% to hit)
The bolt of dispelling energy hits the skyshark!
The skyshark is almost dead.
The skyshark barely misses you. The skyshark misses you. x2
The skyshark closely misses you.
The skyshark tail-slaps you but does no damage.
The skyshark closely misses you.
Aiming: Quicksilver Bolt
Press: ? - help, Shift-Dir - straight line, f/p - skyshark
Aim: a skyshark (almost dead, berserk, 79% to hit)
The bolt of dispelling energy hits the skyshark!
The skyshark is almost dead.
The skyshark barely misses you. The skyshark tail-slaps you!
* * * LOW HITPOINT WARNING * * *
The skyshark tail-slaps you.
You die...

##..###
#..###
##.#..#
##...###
###...##
#.#....#
#....##
##..## ##@.#
#.l## #.##
###(#####
##.......#
#........#
#........##
#.........##
#..........#


You could see a skyshark (berserk).

Vanquished Creatures
  Josephine (D:10)
  Fannar (D:10)
  A hydra (Lair:3)
  3 two-headed ogres (D:9)
  7 death yaks
  Amaemon (Lair:2)
  2 black mambas
  A gargoyle (D:10)
  8 cane toads
  An orange demon (Lair:2)
  2 rime drakes
  Jeremiah (D:6)
  2 komodo dragons (Lair:3)
  A polar bear (Lair:1)
  A troll (D:9)
  Prince Ribbit (D:6)
  3 blink frogs (Lair:2)
  A vampire (D:9)
  4 wraiths (D:10)
  Sigmund (D:2)
  2 wyverns
  2 basilisks (Lair:1)
  34 yaks
  2 steam dragons
  4 vampire mosquitoes (D:10)
  5 nagas (Lair:3)
  An acid dragon (D:9)
  4 water moccasins
  Duvessa (D:5)
  2 ice beasts
  2 orc warriors
  3 black bears
  10 wolves (Lair:3)
  An ogre (D:6)
  2 centaurs
  13 bullfrogs
  A gnoll sergeant (D:9)
  2 scorpions
  7 wights
  Dowan (D:5)
  20 killer bees
  6 howler monkeys
  2 jellies
  An orc priest (D:7)
  2 hounds
  2 gnoll boudas
  A sleepcap (D:6)
  2 orc wizards
  An iguana (D:5)
  4 hell rats (Lair:3)
  Robin (D:3)
  7 gnolls
  8 adders
  A shadow imp (D:7)
  2 white imps
  2 ufetubi (D:6)
  2 worms
  4 dart slugs
  26 orcs
  An endoplasm (D:1)
  A giant cockroach (D:3)
  13 goblins
  5 hobgoblins
  7 jackals
  A quokka (D:2)
  2 ball pythons
  6 bats
  3 frilled lizards
  4 kobolds
  6 rats
  A butterfly (Lair:1)
286 creatures vanquished.

Vanquished Creatures (collateral kills)
  A komodo dragon (Lair:2)
  2 blink frogs (Lair:2)
  4 wolves (Lair:2)
  A bullfrog (Lair:2)
  An orc (D:7)
  11 boulders
20 creatures vanquished.

Vanquished Creatures (others)
  18 boulders
18 creatures vanquished.

Grand Total: 324 creatures vanquished

Notes
Turn   | Place    | Note
-------+----------+-------------------------------------------
     0 | D:1      | wingedge the Demigod Earth Elementalist began the quest for
                  | the Orb.
     0 | D:1      | Reached XP level 1. HP: 14/14 MP: 5/5
     2 | D:1      | Noticed a ghoul
     2 | D:1      | Noticed a naga
     4 | D:1      | Noticed a human
     4 | D:1      | Noticed a meteoran
     6 | D:1      | Noticed an octopode
     6 | D:1      | Noticed a vampire
     8 | D:1      | Noticed a felid
     8 | D:1      | Noticed a troll
    10 | D:1      | Noticed an armataur
    12 | D:1      | Noticed a tengu
    12 | D:1      | Noticed a spriggan
    14 | D:1      | Noticed a minotaur
    14 | D:1      | Noticed a formicid
    16 | D:1      | Noticed a draconian
    18 | D:1      | Noticed a vine stalker
    18 | D:1      | Noticed an elf
    20 | D:1      | Noticed a merfolk
    22 | D:1      | Noticed a demigod
    22 | D:1      | Noticed a demonspawn
    24 | D:1      | Noticed an ogre
    24 | D:1      | Noticed a troll
    26 | D:1      | Noticed a human
    26 | D:1      | Noticed a spriggan
   362 | D:2      | Reached skill level 1 in Conjurations
   362 | D:2      | Reached XP level 2. HP: 20/20 MP: 2/7
   720 | D:2      | Reached XP level 3. HP: 26/26 MP: 5/8
   748 | D:2      | Learned a level 3 spell: Stone Arrow
   856 | D:2      | Noticed Sigmund
  1258 | D:3      | Noticed Robin
  1596 | D:3      | Reached XP level 4. HP: 33/33 MP: 7/10
  1597 | D:3      | Killed Robin
  1674 | D:3      | Got the Elucidation of the United Tropics
  1694 | D:3      | Found Umuud's Magic Scroll Shop.
  1702 | D:3      | Bought a scroll of noise for 10 gold pieces
  1703 | D:3      | Bought a scroll of identify for 20 gold pieces
  1703 | D:3      | Identified a scroll of acquirement
  1704 | D:3      | Acquired the staff of Kifofaog {*Slow rC+ Int+3 Earth}
  1713 | D:3      | Got the Parchment of Aerial Topography
  2367 | D:2      | Killed Sigmund
  2368 | D:2      | Reached XP level 5. HP: 38/38 MP: 4/12
  2608 | D:4      | Acquired the amulet "Xiczu" {Spirit Int+3 Slay+2}
  2656 | D:4      | Learned a level 3 spell: Hailstorm
  2660 | D:4      | Learned a level 3 spell: Ozocubu's Armour
  2869 | D:4      | Reached XP level 6. HP: 45/45 MP: 6/13
  3076 | D:4      | Noticed an angel
  3076 | D:4      | Noticed a balrug
  3231 | D:4      | Found a staircase to the Ecumenical Temple.
  3354 | D:4      | Found a large runed translucent door.
  3355 | D:4      | Found a large runed translucent door.
  3371 | D:4      | Reached skill level 1 in Ice Magic
  3557 | D:5      | Entered Level 5 of the Dungeon
  3727 | D:5      | Identified the ring "Kozuast" {Fire rElec}
  4006 | D:5      | Noticed Duvessa
  4008 | D:5      | Noticed Dowan
  4013 | D:5      | Killed Duvessa
  4022 | D:5      | Killed Dowan
  4023 | D:5      | Reached XP level 7. HP: 44/50 MP: 1/14
  4344 | D:5      | Reached skill level 1 in Fighting
  4941 | D:6      | Noticed Prince Ribbit
  4952 | D:6      | Learned a level 4 spell: Brom's Barrelling Boulder
  5045 | D:6      | Killed Prince Ribbit
  5243 | D:6      | Reached XP level 8. HP: 54/61 MP: 3/17
  5318 | D:6      | Reached skill level 5 in Conjurations
  5394 | D:6      | Noticed Jeremiah
  5404 | D:6      | Killed Jeremiah
  5405 | D:6      | Reached skill level 5 in Earth Magic
  5405 | D:6      | Reached skill level 1 in Necromancy
  6719 | D:7      | Found Hushix's Antique Armour Emporium.
  6727 | D:7      | Bought a pair of runed boots for 165 gold pieces
  6751 | D:7      | Reached XP level 9. HP: 66/69 MP: 2/18
  8146 | D:8      | Found a transporter.
  8146 | D:8      | Found a transporter.
  8148 | D:8      | Found a transporter.
  8232 | D:8      | Found a transporter.
  8253 | D:8      | Reached skill level 5 in Spellcasting
  8471 | D:7      | Bought a runed scarf for 176 gold pieces
  8761 | D:9      | Noticed a two-headed ogre
  8773 | D:9      | Killed a two-headed ogre
  8774 | D:9      | Reached skill level 5 in Fighting
  8908 | D:9      | Reached skill level 5 in Necromancy
  8909 | D:9      | Noticed a two-headed ogre
  9212 | D:9      | Killed a two-headed ogre
  9213 | D:9      | Reached XP level 10. HP: 83/83 MP: 9/22
  9384 | D:9      | Noticed a two-headed ogre
  9586 | D:9      | Killed a two-headed ogre
 10111 | D:8      | Learned a level 5 spell: Borgnjor's Vile Clutch
 10213 | D:9      | Found a staircase to the Lair.
 10344 | D:10     | Entered Level 10 of the Dungeon
 10632 | D:10     | Reached skill level 1 in Armour
 10940 | D:10     | Noticed Fannar
 10968 | D:10     | Found a transporter.
 10974 | D:10     | Noticed a two-headed ogre
 10974 | D:10     | Noticed timneilson's ghost (journeyman OpSh)
 10974 | D:10     | Noticed a deep troll
 10974 | D:10     | Found a transporter.
 10976 | D:10     | Noticed a moth of wrath
 11038 | D:10     | Noticed Josephine
 11052 | D:10     | Killed Josephine
 11324 | D:10     | Reached XP level 11. HP: 68/89 MP: 0/25
 11517 | D:10     | Killed Fannar
 12074 | D:10     | Found a staircase to the Orcish Mines.
 12145 | Lair:1   | Entered Level 1 of the Lair of Beasts
 13334 | Lair:1   | Noticed a death yak
 13354 | Lair:1   | Killed a death yak
 13486 | Lair:1   | Noticed a death yak
 13769 | Lair:1   | Noticed a death yak
 13778 | Lair:1   | Noticed a death yak
 13788 | Lair:1   | Killed a death yak
 14007 | Lair:1   | Killed a death yak
 14008 | Lair:1   | Reached skill level 5 in Ice Magic
 14167 | Lair:1   | Learned a level 6 spell: Simulacrum
 14210 | Lair:1   | Noticed a death yak
 14428 | Lair:1   | Killed a death yak
 14586 | Lair:1   | Noticed a death yak
 14612 | Lair:1   | Killed a death yak
 14629 | Lair:1   | Reached XP level 12. HP: 99/100 MP: 1/28
 14900 | Lair:1   | Reached skill level 5 in Armour
 14900 | Lair:1   | Reached skill level 5 in Dodging
 16448 | Lair:2   | Identified the +1 leather armour of Ymeottam {+Blink Dex+5
                  | Stlth-}
 16477 | Lair:2   | Noticed Amaemon
 16483 | Lair:2   | Reached skill level 1 in Shields
 16489 | Lair:2   | Killed Amaemon
 16703 | Lair:3   | Noticed a six-headed hydra
 17296 | Lair:3   | Killed a six-headed hydra
 17438 | Lair:3   | Found a staircase to the Snake Pit.
 18278 | Lair:3   | HP: 5/101 [skyshark (10)]
 18278 | Lair:3   | Slain by a skyshark

Illustrated notes

Levels and vault maps discovered:
D:1:      kb_arrival_jail, layout_rooms
D:2:      layout_loops_ring, dk_noncrumbling_4, uniq_sigmund
D:3:      layout_basic, serial_shops, shop, serial_bayou_lake_a, uniq_robin
D:4:      nicolae_cairo_tiling, layout_gridville,
          grunt_temple_overflow_order_and_chaos_2, jmf_multi_god_temple2,
          nicolae_overflow_hidden_temple, temple_green
D:5:      layout_basic, uniq_duvessa
D:6:      layout_loops_ring, nemelex_diamond_rough_becter, uniq_jeremiah,
          uniq_prince_ribbit1
D:7:      layout_loops_ring, mainiacjoe_overflow_six_doors_small,
          mainiacjoe_overflow_concentric_impassable, serial_shops, shop
D:8:      layout_basic, nicolae_diode_quadrants
D:9:      layout_rooms, bloody_trog, general_overflow_altar, lair_entry_dummy
D:10:     layout_roguey, chequers_temple_overflow_statue_of_worship,
          mainiacjoe_overflow_catwalk, orc_0_dummy,
          gammafunk_ghost_wrathful_warriors, minmay_misc_feat_doors,
          uniq_josephine, uniq_fannar
Lair:1:   layout_small_grid, serial_bayou_shore_b, lemuel_fruit_fields,
          grunt_megastairs_5
Lair:2:   layout_hall_layers, uniq_amaemon
Lair:3:   layout_cave_pods, minmay_shoals_entry_hut,
          minmay_snake_entry_guardpost_medium, uniq_urug

Skill      XL: |  1  2  3  4  5  6  7  8  9 10 11 12 |
---------------+-------------------------------------+-----
Spellcasting   | 2 3 4 6 7 8 |  8.0
Earth Magic    | 3 4 6 8 |  8.0
Conjurations   | 1 2 3 4 6 |  6.0
Dodging        | 2 4 5 |  5.9
Stealth        | 2 3 |  3.0
Ice Magic      | 3 4 5 6 |  6.5
Fighting       | 2 3 5 6 7 8 |  8.1
Necromancy     | 3 5 7 8 |  8.6
Armour         | 2 4 5 |  5.9
Shields        | 2 |  2.5
Transmutations | |  0.8

Action                     |  1- 3 |  4- 6 |  7- 9 | 10-12 || total
---------------------------+-------+-------+-------+-------++-------
  Melee: Unarmed           |    22 |       |       |       ||    22
         Staff             |    10 |       |     1 |     2 ||    13
         Short sword       |       |     2 |    30 |       ||    32
         Morningstar       |       |     2 |       |     1 ||     3
         Battleaxe         |       |       |     3 |     4 ||     7
         Flail             |       |       |       |     6 ||     6
         War axe           |       |       |       |    18 ||    18
         Trident           |       |       |       |     3 ||     3
  Throw: Throwing net      |       |       |       |     2 ||     2
         Dart              |       |       |       |     1 ||     1
   Cast: Sandblast         |    50 |    23 |    23 |       ||    96
         Stone Arrow       |     1 |    32 |    60 |   195 ||   288
         Brom's Barrelling |       |       |    22 |    15 ||    37
         Ozocubu's Armour  |       |       |     9 |    14 ||    23
         Hailstorm         |       |       |    10 |     9 ||    19
         Borgnjor's Vile C |       |       |       |    85 ||    85
         Simulacrum        |       |       |       |     5 ||     5
  Evoke: Wand              |       |     3 |       |     3 ||     6
    Use: Scroll            |     1 |     5 |     3 |     2 ||    11
         Potion            |       |       |     1 |     1 ||     2
 Armour: Robe              |    18 |     6 |   100 |   104 ||   228
         Skin              |    16 |       |       |       ||    16
  Dodge: Dodged            |    50 |     6 |    62 |    79 ||   197
         Repelled          |       |       |     1 |     2 ||     3
  Block: Other             |    15 |     2 |       |       ||    17
         Buckler           |       |       |       |    18 ||    18

Table legend: (Time is in decaauts)
 A = Elapsed time spent in this place.
 B = Non-inter-level travel time spent in this place.
 C = Inter-level travel time spent in this place.
 D = Time resting spent in this place.
 E = Time spent auto-exploring this place.
 F = Levels seen in this place.
 G = Mean time per level.
                   A        B        C        D        E       F      G
               +--------+--------+--------+--------+--------+-----+--------+
         Total |  18335 |  17677 |    658 |   7150 |   7081 |  13 | 1410.4 |
       Dungeon |  12195 |  11631 |    564 |   4344 |   5223 |  10 | 1219.5 |
          Lair |   6140 |   6046 |     94 |   2806 |   1858 |   3 | 2046.7 |
               +--------+--------+--------+--------+--------+-----+--------+

Top non-repeatable levels by time:
  Lair:1: 3132 daAuts
  Lair:2: 1902 daAuts
     D:8: 1884 daAuts
    D:10: 1609 daAuts
     D:6: 1454 daAuts
     D:5: 1316 daAuts
     D:9: 1202 daAuts
     D:7: 1133 daAuts
     D:2: 1128 daAuts
  Lair:3: 1105 daAuts
     D:3: 1100 daAuts
     D:4: 961 daAuts
     D:1: 404 daAuts
